 Dungeon Crawl Stone Soup version 0.21-a0-372-gd0ff781 (webtiles) character file.

242066 terra52 the Drop of Water (level 19, 0/133 HPs)
             Began as a Gnoll Skald on Oct 16, 2017.
             Was the Champion of Ru.
             Slain by a vault warden
             ... wielding a +1 broad axe of chopping
              (42 damage)
             ... on level 3 of the Vaults on Oct 17, 2017.
             The game lasted 02:46:31 (20895 turns).

terra52 the Drop of Water (Gnoll Skald)            Turns: 20895, Time: 02:46:32

Health: 0/133      AC: 25    Str: 21    XL:     19   Next: 37%
Magic:  3/45       EV: 14    Int: 29    God:    Ru [******]
Gold:   501        SH: 10    Dex: 21    Spells: 21/44 levels left

rFire    x . .     SeeInvis .   D - +7 trident "Zyidih" {flame, Dex+5}
rCold    + + +     Gourm    .   X - +2 buckler {rN+}
rNeg     + + .     Faith    .   B - +1 plate armour of Love and Death {Str+4 Int+5}
rPois    .         Spirit   .   N - +1 helmet
rElec    +         Reflect  .   L - scarf of Kezyecish {rElec rC++ Str+2}
rCorr    .         Harm     .   K - +2 pair of gloves "Geeky" {rN+ Str-3 Int+6}
MR       +....                  V - +2 pair of boots {Fly}
Stlth    +.........             R - amulet of regeneration
HPRegen  0.72/turn              s - ring of magical power
MPRegen  0.29/turn              k - ring of ice

@: exhausted, marked, no potions, flying, drained
A: distributed training, fangs 1, frail 1, inability to drink while threatened,
inability to use devices, strong nose
}: 2/15 runes: serpentine, barnacled
a: Draw Out Power, Power Leap, Apocalypse, Renounce Religion


You were on level 3 of the Vaults.
You worshipped Ru.
Ru was exalted by your worship.
You were not hungry.

You visited 7 branches of the dungeon, and saw 34 of its levels.
You visited 1 bazaar.
You also visited: Labyrinth and Ice Cave.

You collected 2226 gold pieces.
You spent 1725 gold pieces at shops.

Inventory:

Hand Weapons
 c - a +2 vampiric demon trident
 D - the +7 trident "Zyidih" (weapon) {flame, Dex+5}
   (You found it on level 12 of the Dungeon)

   It has been specially enchanted to burn those struck by it, causing extra
   injury to most foes and up to half again as much damage against particularly
   susceptible opponents.
   It affects your dexterity (+5).
 J - a +5 demon trident of venom
 P - the +9 dagger of the Unseen Realm {flame, MR+}
   (You found it on level 4 of the Lair of Beasts)

   It has been specially enchanted to burn those struck by it, causing extra
   injury to most foes and up to half again as much damage against particularly
   susceptible opponents.
   It affects your resistance to hostile enchantments.
Missiles
 n - 23 javelins (quivered)
 y - 2 throwing nets
Armour
 B - the +1 plate armour of Love and Death (worn) {Str+4 Int+5}
   (You found it on level 4 of the Lair of Beasts)

   It affects your strength (+4).
   It affects your intelligence (+5).
 K - the +2 pair of gloves "Geeky" (worn) {rN+ Str-3 Int+6}
   (You found it on level 4 of the Shoals)

   It affects your strength (-3).
   It affects your intelligence (+6).
   It protects you from negative energy.
 L - the scarf of Kezyecish (worn) {rElec rC++ Str+2}
   (You found it on level 8 of the Dungeon)

   It affects your strength (+2).
   It greatly protects you from cold.
   It insulates you from electricity.
 N - a +1 helmet (worn)
 T - the +2 scale mail of Funeff {rF- MR+++ MP+9 Int-2 Stlth+}
   (You found it on level 10 of the Dungeon)

   It affects your intelligence (-2).
   It makes you vulnerable to fire.
   It affects your resistance to hostile enchantments.
   It affects your magic capacity (+9).
   It makes you more stealthy.
 V - a +2 pair of boots of flying (worn)
 X - a +2 buckler of positive energy (worn)
Jewellery
 k - a ring of ice (right hand)
 s - a ring of magical power (left hand)
 v - an uncursed ring of resist corrosion
 z - an uncursed ring of poison resistance
 I - an uncursed ring of ice
 R - an amulet of regeneration (around neck)
 U - an uncursed ring of protection from fire
Scrolls
 a - a scroll of enchant weapon
 h - 8 scrolls of remove curse
 i - 4 scrolls of identify
 l - 5 scrolls of amnesia
 q - 11 scrolls of teleportation
 t - 2 scrolls of blinking
 w - 2 scrolls of immolation
 F - 4 scrolls of vulnerability
 S - a scroll of enchant armour
 W - 5 scrolls of fog
Potions
 e - 5 potions of curing
 f - 3 potions of brilliance
 g - 2 potions of agility
 p - 3 potions of cancellation
 r - a potion of flight
 u - a potion of mutation
 A - 2 potions of haste
 C - 5 potions of lignification
 G - 3 potions of heal wounds
 H - 3 potions of might
 O - 2 potions of magic
Books
 b - a book of Battle

   Spells                             Type                      Level
   a - Infusion                       Charms                       1
   b - Shroud of Golubria             Charms/Translocation         2
   c - Song of Slaying                Charms                       2
   d - Spectral Weapon                Hexes/Charms                 3
   e - Regeneration                   Charms/Necromancy            3
 E - a book of Beasts

   Spells                             Type                      Level
   a - Summon Butterflies             Summoning                    1
   b - Call Canine Familiar           Summoning                    3
   c - Summon Ice Beast               Ice/Summoning                4
   d - Summon Mana Viper              Hexes/Summoning              5
   e - Summon Hydra                   Summoning                    7
 M - a book of Callings

   Spells                             Type                      Level
   a - Summon Small Mammal            Summoning                    1
   b - Call Imp                       Summoning                    2
   c - Call Canine Familiar           Summoning                    3
   d - Summon Guardian Golem          Hexes/Summoning              3
   e - Summon Lightning Spire         Summoning/Air                4
   f - Summon Ice Beast               Ice/Summoning                4
 Q - a book of Necromancy

   Spells                             Type                      Level
   a - Pain                           Necromancy                   1
   b - Animate Skeleton               Necromancy                   1
   c - Vampiric Draining              Necromancy                   3
   d - Regeneration                   Charms/Necromancy            3
   e - Animate Dead                   Necromancy                   4
   f - Control Undead                 Necromancy                   4
 Y - a Grand Grimoire

   Spells                             Type                      Level
   a - Monstrous Menagerie            Summoning                    7
   b - Summon Greater Demon           Summoning                    7
   c - Malign Gateway                 Summoning/Translocation      7
   d - Summon Horrible Things         Summoning                    8
Comestibles
 d - 13 bread rations
 j - 13 royal jellies
 m - 35 fruits
 o - 14 meat rations
 x - 2 chunks of flesh


   Skills:
 + Level 12.8(11.7) Fighting
 + Level 12.1(11.0) Short Blades
 + Level 12.1(11.0) Long Blades
 + Level 12.1(11.0) Axes
 + Level 12.1(11.0) Maces & Flails
 + Level 12.8(11.7) Polearms
 + Level 12.1(11.0) Staves
 + Level 12.1(11.0) Slings
 + Level 12.1(11.0) Bows
 + Level 12.1(11.0) Crossbows
 + Level 12.1(11.0) Throwing
 + Level 12.4(11.3) Armour
 + Level 12.8(11.7) Dodging
 + Level 12.1(11.0) Stealth
 + Level 12.1(11.0) Shields
 + Level 12.1(11.0) Unarmed Combat
 + Level 13.0(11.9) Spellcasting
 + Level 10.4(9.3) Conjurations
 + Level 10.4(9.3) Hexes
 + Level 11.6(10.5) Charms
 + Level 10.4(9.3) Summonings
 + Level 10.4(9.3) Necromancy
 + Level 10.4(9.3) Translocations
 + Level 10.4(9.3) Transmutations
 + Level 10.4(9.3) Fire Magic
 + Level 10.4(9.3) Ice Magic
 + Level 10.4(9.3) Air Magic
 + Level 10.4(9.3) Earth Magic
 + Level 10.4(9.3) Poison Magic
 + Level 13.1(12.0) Invocations
   Level 0.0 Evocations


You had 21 spell levels left.
You knew the following spells:

 Your Spells              Type           Power        Failure   Level  Hunger
a - Infusion              Chrm           ####         1%          1    None
b - Regeneration          Chrm/Necr      ######....   1%          3    None
c - Spectral Weapon       Hex/Chrm       ######..     1%          3    None
d - Shroud of Golubria    Chrm/Tloc      ######....   1%          2    None
e - Song of Slaying       Chrm           ######..     1%          2    None
f - Animate Dead          Necr           N/A          9%          4    None
g - Summon Guardian Gole  Hex/Summ       ######..     2%          3    None
h - Apportation           Tloc           ######       1%          1    None
i - Control Undead        Necr           ######....   9%          4    None


Dungeon Overview and Level Annotations

Branches:
Dungeon (14/15)            Temple (1/1) D:5            Lair (6/6) D:9
 Shoals (4/4) Lair:3        Snake (4/4) Lair:2        Slime (0/5) Lair:5
    Orc (2/2) D:12            Elf (0/3) Orc:2        Vaults (3/5) D:14
  Crypt: Vaults:2-3

Altars:
Ashenzari
Cheibriados
Dithmenos
Elyvilon
Fedhas
Gozag
Hepliaklqana
Kikubaaqudgha
Makhleb
Nemelex Xobeh
Okawaru
Qazlal
Ru
Sif Muna
Trog
Uskayaw
Vehumet
Wu Jian
Xom
Yredelemnul
Zin
The Shining One
Beogh
Jiyva

Shops:
D:6 ?[   D:13 *   Orc:2 (*:[   Snake:4 ==}   Vaults:1 [

Portals:
Hell: Lair:6
Trove: D:11 (give 6 potions of haste)


Innate Abilities, Weirdness & Mutations

Your experience applies equally to all skills.
You have very sharp teeth.
You are frail. (-10% HP)
You cannot drink potions while threatened.
You cannot study or use magical devices.
Your uncanny sense of smell can sniff out nearby items.


Message History

The yaktaur is stunned by your will and fails to attack.
The yaktaur moves out of view.
The vault warden hits you with a broad axe of chopping!
You focus your will and illuminate the vault warden in retribution!
Your magical contamination has completely faded away.
You puncture the vault warden! You burn the vault warden.
You bite the vault warden, but do no damage.
The vault warden is almost dead.
The ettin is engulfed in blazing flames.
The ironheart preserver mumbles some strange words.
The ironheart preserver begins to accept its allies' injuries.
The yaktaur is stunned by your will and fails to attack.
An ogre comes into view. It is wielding a giant spiked club.
You puncture the vault warden! You burn the vault warden.
The vault warden is almost dead.
Your skin stops crawling.
The ogre moves out of view.
The vault warden hits you with a broad axe of chopping!!!
You feel threatened and lose the ability to drink potions!
You die...

#.§.§..# #..C...#9
#).p...'c ####
#)<.p..#. ##...#
#..c...#c.
####.....#####.c.c..#
..
##...#...#.§§##pyy...#
..c
#.....###..§§§pcc)...#
#...#..[#@pC##p#)####
#..[..####....#
##...###......#
######+####....####
#........##..###
####.......'...#
#.###..Z...#..## ####
#..###.....#..# #..#
#...#'#....#..# #..#


You could see an ironheart preserver, 2 vault wardens, an ettin, 2 yaktaurs and
2 hornets.

Vanquished Creatures
  Jory (Vaults:2)
  Frances (D:14)
  Agnes (D:13)
  The ghost of civil the Fighter, an adept CeHu of Nemelex Xobeh (Snake:4)
  5 nagarajas (Snake:4)
  Donald (Shoals:1)
  A frost giant (Vaults:3)
  A storm dragon (D:13)
  A vault warden (Vaults:2)
  A reaper (IceCv)
  A war gargoyle (Vaults:3)
  3 ironheart preservers
  2 stone giants
  A deep elf demonologist (Vaults:3)
  2 ettins (Orc:2)
  2 merfolk javelineers
  4 merfolk impalers (Shoals:4)
  A great orb of eyes (Vaults:2)
  2 ogre magi (Vaults:3)
  2 yaktaur captains
  Erolcha (D:9)
  8 naga warriors
  5 hydras
  Fannar (Lair:1)
  Harold (Lair:3)
  An ice dragon (Vaults:2)
  4 vault guards (D:14)
  A rakshasa (Vaults:3)
  4 merfolk avatars
  The ghost of TwoGrow the Covert, a journeyman GnEn of Ashenzari (D:11)
  2 anacondas
  2 centaur warriors (D:14)
  5 merfolk aquamancers
  9 two-headed ogres
  A tengu warrior (D:14)
  2 deep troll shamans (Vaults:3)
  4 death yaks (Lair:1)
  6 naga sharpshooters (Snake:4)
  A satyr (Shoals:3)
  A shock serpent (Snake:4)
  A sun demon (Lair:6)
  Sonja (D:12)
  A salamander mystic (Snake:4)
  3 deep elf knights (Vaults:3)
  The ghost of Parsimony the Covert, a novice VSFi of Dithmenos (D:7)
  5 sea snakes
  A glowing orange brain (Vaults:3)
  2 deep trolls (Vaults:3)
  2 unseen horrors
  A wizard (Lair:6)
  5 naga ritualists (Snake:4)
  4 deep elf archers
  13 harpies
  4 orc knights
  7 deep elf magi
  An ironbrand convoker (Vaults:2)
  The ghost of Bargorn the Covert, a novice SpAr (D:6)
  5 oklob plants
  11 cyclopes
  2 orc sorcerers
  5 mana vipers
  5 manticores
  5 fauns
  3 salamanders
  An ugly thing (D:13)
  2 guardian serpents
  7 merfolk sirens
  19 naga magi
  A vault sentinel (Vaults:3)
  4 water nymphs
  13 black mambas
  A smoke demon (Lair:6)
  A spiny frog (shapeshifter) (D:13)
  2 ice statues (IceCv)
  18 spiny frogs
  A centaur skeleton (D:11)
  An orange demon (Lair:6)
  6 rime drakes
  7 komodo dragons
  8 yaktaurs
  The ghost of Lorrdernie the Insei, a novice OpTm of Cheibriados (D:5)
  12 ice devils
  9 merfolk
  4 trolls
  5 wind drakes
  2 red devils (Lair:6)
  2 polar bears
  3 slime creatures
  4 hornets
  6 snapping turtles
  A harpy skeleton (D:13)
  4 dream sheep (Shoals:1)
  A meliai zombie (D:11)
  21 blink frogs
  10 hippogriffs
  A spriggan (Lair:6)
  38 yaks
  6 shadows
  A wyvern (D:9)
  A vampire (D:12)
  A water elemental (Shoals:4)
  Eustachio (D:5)
  Grum (Lair:1)
  5 basilisks
  A hungry ghost (D:9)
  4 wargs
  Menkaure (D:6)
  A soldier ant (D:12)
  An acid dragon (D:14)
  24 nagas
  12 water moccasins
  A hell hound (Lair:6)
  Duvessa (D:5)
  12 porcupines
  4 ice beasts
  13 orc warriors
  An eye of draining (D:7)
  3 sky beasts
  4 black bears
  2 necrophages
  5 phantoms
  2 centaurs
  15 wolves
  10 ogres
  10 crocodiles
  2 big kobolds
  18 bullfrogs
  2 gnoll sergeants
  Dowan (D:5)
  6 scorpions
  3 troll zombies (D:12)
  The ghost of KKERBER the Ducker, a weakling DsMo (D:3)
  4 wights (D:12)
  2 electric eels (Lair:2)
  A bullfrog zombie (D:13)
  6 howler monkeys
  3 centaur zombies
  5 crimson imps
  A quasit (D:10)
  6 orc priests
  5 hounds
  5 jellies
  A gnoll shaman (D:3)
  An iron imp (D:9)
  2 bullfrog skeletons
  4 iguanas
  9 orc wizards
  9 worker ants
  A killer bee zombie (D:7)
  4 ogre zombies (D:12)
  2 ogre skeletons (Lab)
  A hound zombie (D:8)
  A hound skeleton (D:4)
  A worker ant zombie (D:6)
  10 adders
  20 gnolls
  A howler monkey skeleton (D:10)
  A shadow imp (D:8)
  6 white imps (IceCv)
  4 ufetubi (IceCv)
  An ooze (D:3)
  5 worms
  A dart slug (D:1)
  9 leopard geckos
  31 orcs
  7 bats
  A bat skeleton (D:2)
  5 giant cockroaches
  6 goblins
  7 hobgoblins
  2 jackals (D:4)
  9 kobolds
  5 quokkas
  A ball python (D:2)
  8 frilled lizards
  4 goblin zombies (D:12)
  4 hobgoblin skeletons (D:12)
  2 hobgoblin zombies (D:12)
  5 orc skeletons (D:12)
  8 orc zombies (D:12)
  8 rats
  A bush (Lair:1)
  7 fungi
  13 plants
841 creatures vanquished.

Vanquished Creatures (collateral kills)
  A vault warden (Vaults:2)
  Ilsuiw (Shoals:4)
  3 merfolk impalers
  3 merfolk javelineers (Shoals:4)
  An anaconda (Snake:4)
  2 hydras (Lair:6)
  An alligator snapping turtle (Shoals:3)
  A centaur warrior (D:13)
  A merfolk avatar (Shoals:4)
  A shock serpent (Snake:4)
  A deep troll (Vaults:3)
  6 sea snakes
  5 harpies
  An ironbrand convoker (Vaults:3)
  2 fauns
  4 cyclopes
  4 manticores
  2 merfolk sirens
  An elephant (Lair:5)
  A salamander (Snake:4)
  Maurice (Orc:1)
  A naga mage (Snake:4)
  3 water nymphs
  A black mamba (Lair:6)
  An orange demon (Lair:6)
  2 ice devils
  A komodo dragon (Lair:5)
  A wind drake (Shoals:4)
  A polar bear (Lair:5)
  18 merfolk
  A hornet (Vaults:3)
  2 slime creatures (D:13)
  4 blink frogs
  3 hippogriffs
  2 dream sheep (Shoals:2)
  5 snapping turtles
  5 yaks
  6 water elementals
  2 wyverns
  2 nagas (Snake:4)
  2 hell hounds (Lair:6)
  An orc warrior (Orc:2)
  An ogre (D:14)
  2 wolves (Lair:6)
  A crocodile (Lair:5)
  An orc wizard (D:13)
  A gnoll (Orc:2)
  A white imp (IceCv)
  3 ufetubi (IceCv)
  4 orcs
  5 kobolds (D:13)
  6 fungi
  4 plants
136 creatures vanquished.

Vanquished Creatures (others)
  An ettin (Orc:2)
  A naga warrior (Snake:4)
  A hydra (Lair:1)
  2 merfolk aquamancers (Shoals:4)
  An unseen horror (D:14)
  A wolf spider (Vaults:2)
  A cyclops (Orc:2)
  A guardian serpent (Snake:4)
  A yaktaur (Vaults:2)
  A merfolk (Shoals:3)
  2 yaks
  A steam dragon (D:14)
  2 porcupines (Lair:4)
  2 orc warriors (Orc:2)
  A centaur (Shoals:4)
  A bullfrog skeleton (D:11)
  An orc wizard (Orc:2)
  2 white imps (IceCv)
  3 ufetubi (IceCv)
  15 fungi
  20 plants
  39 spectral weapons
100 creatures vanquished.

Grand Total: 1077 creatures vanquished

Notes
Turn   | Place    | Note
-------+----------+-------------------------------------------
     0 | D:1      | terra52 the Gnoll Skald began the quest for the Orb.
     0 | D:1      | Reached XP level 1. HP: 20/20 MP: 6/6
    35 | D:1      | Reached XP level 2. HP: 23/26 MP: 0/7
   202 | D:2      | Reached skill level 5 in Spellcasting
   202 | D:2      | Reached skill level 1 in Invocations
   202 | D:2      | Reached XP level 3. HP: 24/31 MP: 2/9
   227 | D:2      | Learned a level 3 spell: Regeneration
   231 | D:2      | Learned a level 3 spell: Spectral Weapon
   234 | D:2      | Learned a level 2 spell: Shroud of Golubria
   237 | D:2      | Learned a level 2 spell: Song of Slaying
   252 | D:3      | Noticed a scorpion
   302 | D:2      | Reached skill level 1 in Short Blades
   302 | D:2      | Reached skill level 1 in Long Blades
   302 | D:2      | Reached skill level 1 in Axes
   302 | D:2      | Reached skill level 1 in Maces & Flails
   302 | D:2      | Reached skill level 1 in Staves
   302 | D:2      | Reached skill level 1 in Slings
   302 | D:2      | Reached skill level 1 in Bows
   302 | D:2      | Reached skill level 1 in Crossbows
   302 | D:2      | Reached skill level 1 in Throwing
   302 | D:2      | Reached skill level 1 in Stealth
   302 | D:2      | Reached skill level 1 in Shields
   302 | D:2      | Reached skill level 1 in Unarmed Combat
   302 | D:2      | Reached skill level 1 in Evocations
   347 | D:1      | Reached XP level 4. HP: 38/38 MP: 8/11
   578 | D:2      | Found a hide-covered altar of Uskayaw.
   708 | D:2      | Reached skill level 1 in Conjurations
   708 | D:2      | Reached skill level 1 in Hexes
   708 | D:2      | Reached skill level 1 in Summonings
   708 | D:2      | Reached skill level 1 in Necromancy
   708 | D:2      | Reached skill level 1 in Translocations
   708 | D:2      | Reached skill level 1 in Transmutations
   708 | D:2      | Reached skill level 1 in Fire Magic
   708 | D:2      | Reached skill level 1 in Ice Magic
   708 | D:2      | Reached skill level 1 in Air Magic
   708 | D:2      | Reached skill level 1 in Earth Magic
   708 | D:2      | Reached skill level 1 in Poison Magic
   756 | D:2      | Found a hazy altar of Hepliaklqana.
   773 | D:2      | Found a basalt altar of Yredelemnul.
   776 | D:2      | Found a glowing golden altar of the Shining One.
   784 | D:2      | Noticed a profane servitor
   946 | D:4      | Reached XP level 5. HP: 43/43 MP: 8/12
  1413 | D:3      | Reached XP level 6. HP: 50/50 MP: 13/13
  1459 | D:3      | Noticed KKERBER's ghost (weakling DsMo)
  1527 | D:3      | Killed KKERBER's ghost
  1984 | D:4      | Noticed a phantom
  2036 | D:3      | Reached skill level 5 in Fighting
  2036 | D:3      | Reached skill level 5 in Polearms
  2036 | D:3      | Reached skill level 5 in Dodging
  2081 | D:5      | Entered Level 5 of the Dungeon
  2081 | D:5      | Noticed a sky beast
  2260 | D:5      | Noticed Lorrdernie's ghost (novice OpTm)
  2286 | D:4      | Noticed an orc warrior
  2400 | D:4      | Reached XP level 7. HP: 49/56 MP: 7/15
  2604 | D:5      | Found a shattered altar of Ashenzari.
  2756 | D:5      | Noticed Eustachio
  2777 | D:5      | Killed Eustachio
  2835 | D:5      | Killed Lorrdernie's ghost
  2835 | D:5      | Reached XP level 8. HP: 60/63 MP: 15/16
  2838 | D:5      | Noticed Duvessa
  2857 | D:5      | Killed Duvessa
  2871 | D:5      | Noticed Dowan
  2884 | D:5      | Killed Dowan
  2990 | D:6      | Found a deep blue altar of Sif Muna.
  3069 | D:5      | Found Miepp's General Store.
  3097 | D:5      | Found a staircase to the Ecumenical Temple.
  3110 | Temple   | Entered the Ecumenical Temple
  3305 | Temple   | Became a worshipper of Ru the Awakened
  4011 | D:6      | Noticed Bargorn's ghost (novice SpAr)
  4037 | D:6      | Killed Bargorn's ghost
  4037 | D:6      | Reached XP level 9. HP: 61/69 MP: 17/18
  4073 | D:6      | Found Ezihair's Magic Scroll Shoppe.
  4351 | D:6      | Found a shattered altar of Ashenzari.
  4366 | D:6      | Found Utuygrac's Antique Armour Shop.
  4590 | D:6      | Noticed Menkaure
  4616 | D:6      | Killed Menkaure
  4885 | D:7      | Reached skill level 5 in Armour
  4955 | D:7      | Noticed Parsimony's ghost (novice VSFi)
  4986 | D:7      | Killed Parsimony's ghost
  4986 | D:7      | Reached skill level 5 in Invocations
  5077 | D:7      | Gained mutation: You are frail. (-10% HP) [Ru sacrifice]
  5077 | D:7      | Reached * piety under Ru
  5077 | D:7      | Reached ** piety under Ru
  5077 | D:7      | Reached *** piety under Ru
  5461 | D:7      | Reached XP level 10. HP: 54/69 MP: 20/20
  5684 | D:8      | Got a shimmering scarf
  5690 | D:8      | Identified the scarf of Kezyecish {rElec rC++ Str+2} (You found it on level 8 of the Dungeon)
  6356 | D:8      | Noticed a two-headed ogre
  6373 | D:8      | Killed a two-headed ogre
  6373 | D:8      | Reached skill level 5 in Short Blades
  6373 | D:8      | Reached skill level 5 in Long Blades
  6373 | D:8      | Reached skill level 5 in Axes
  6373 | D:8      | Reached skill level 5 in Maces & Flails
  6373 | D:8      | Reached skill level 5 in Staves
  6373 | D:8      | Reached skill level 5 in Slings
  6373 | D:8      | Reached skill level 5 in Bows
  6373 | D:8      | Reached skill level 5 in Crossbows
  6373 | D:8      | Reached skill level 5 in Throwing
  6373 | D:8      | Reached skill level 5 in Stealth
  6373 | D:8      | Reached skill level 5 in Shields
  6373 | D:8      | Reached skill level 5 in Unarmed Combat
  6373 | D:8      | Reached skill level 5 in Evocations
  6600 | D:9      | Found a staircase to the Lair.
  6749 | D:9      | Found a snail-covered altar of Cheibriados.
  6823 | D:9      | Found a shadowy altar of Dithmenos.
  6873 | D:9      | Reached XP level 11. HP: 71/75 MP: 22/22
  6891 | D:9      | Found an ornate altar of the Wu Jian Council.
  6908 | D:10     | Entered Level 10 of the Dungeon
  6948 | D:10     | Got a jewelled scale mail
  6959 | D:10     | Identified the +2 scale mail of Funeff {rF- MR+++ MP+9 Int-2 Stlth+} (You found it on level 10 of the Dungeon)
  6995 | D:9      | Noticed Erolcha
  7020 | D:9      | Killed Erolcha
  7137 | D:9      | Found an opulent altar of Gozag.
  7143 | D:9      | Reached skill level 5 in Conjurations
  7143 | D:9      | Reached skill level 5 in Hexes
  7143 | D:9      | Reached skill level 5 in Summonings
  7143 | D:9      | Reached skill level 5 in Necromancy
  7143 | D:9      | Reached skill level 5 in Translocations
  7143 | D:9      | Reached skill level 5 in Transmutations
  7143 | D:9      | Reached skill level 5 in Fire Magic
  7143 | D:9      | Reached skill level 5 in Ice Magic
  7143 | D:9      | Reached skill level 5 in Air Magic
  7143 | D:9      | Reached skill level 5 in Earth Magic
  7143 | D:9      | Reached skill level 5 in Poison Magic
  7185 | D:9      | Gained mutation: You cannot study or use magical devices. [Ru sacrifice]
  7185 | D:9      | Reached **** piety under Ru
  7185 | D:9      | Reached ***** piety under Ru
  7287 | Lair:1   | Entered Level 1 of the Lair of Beasts
  7287 | Lair:1   | Noticed Fannar
  7287 | Lair:1   | Noticed a death yak
  7287 | Lair:1   | Noticed a death yak
  7287 | Lair:1   | Noticed a death yak
  7287 | Lair:1   | Noticed a death yak
  7293 | Lair:1   | Noticed Grum
  7293 | Lair:1   | Noticed an eight-headed hydra
  7954 | D:11     | Noticed TwoGrow's ghost (journeyman GnEn)
  7976 | D:11     | Killed TwoGrow's ghost
  8030 | D:11     | Found a portal to a secret trove of treasure.
  8072 | D:11     | Found a labyrinth entrance.
  8086 | Lab      | Entered a labyrinth
  8113 | Lab      | Killed an unseen horror
  8644 | Lab      | Noticed a minotaur
  8655 | Lab      | Got a dazzling hunting sling
  8681 | D:11     | Identified the +7 hunting sling "Dumaca Todu" {flame, rN+} (You found it in a labyrinth)
  8777 | D:11     | Found a runed door.
  8792 | D:11     | Noticed a storm dragon
  8963 | Lair:1   | Killed a death yak
  8963 | Lair:1   | Reached XP level 12. HP: 83/83 MP: 24/24
  8963 | Lair:1   | Killed a death yak
  8963 | Lair:1   | Killed a death yak
  8967 | Lair:1   | Killed a death yak
  9049 | Lair:1   | Killed Grum
  9127 | Lair:1   | Killed Fannar
  9546 | Lair:1   | Noticed a four-headed hydra
  9551 | Lair:1   | Killed a five-headed hydra
  9558 | Lair:1   | Gained mutation: You cannot drink potions while threatened. [Ru sacrifice]
  9558 | Lair:1   | Reached ****** piety under Ru
  9730 | Lair:1   | You are sucked into a shaft!
  9844 | Lair:2   | Found a staircase to the Snake Pit.
 10025 | Lair:2   | Reached XP level 13. HP: 90/90 MP: 26/26
 10426 | Lair:3   | Noticed Harold
 10440 | Lair:3   | Killed Harold
 10629 | Lair:3   | Learned a level 4 spell: Animate Dead
 10973 | Lair:4   | Got a slimy dagger
 10974 | Lair:4   | Identified the +9 dagger of the Unseen Realm {flame, MR+} (You found it on level 4 of the Lair of Beasts)
 11301 | Lair:4   | Identified the cursed +1 plate armour of Love and Death {Str+4 Int+5} (You found it on level 4 of the Lair of Beasts)
 11679 | Lair:5   | Found a viscous altar of Jiyva.
 11679 | Lair:5   | Found a staircase to the Slime Pits.
 12104 | Lair:6   | Entered Level 6 of the Lair of Beasts
 12165 | Lair:6   | Reached skill level 10 in Spellcasting
 12181 | Lair:6   | Reached XP level 14. HP: 75/98 MP: 21/28
 12478 | Lair:6   | Reached skill level 10 in Fighting
 12478 | Lair:6   | Reached skill level 10 in Polearms
 12478 | Lair:6   | Reached skill level 10 in Dodging
 12576 | Lair:6   | Found a burning altar of Makhleb.
 12664 | Lair:6   | Found a gateway to Hell.
 13501 | Lair:3   | Reached skill level 10 in Invocations
 13641 | Lair:3   | Found a staircase to the Shoals.
 13653 | Shoals:1 | Entered Level 1 of the Shoals
 13922 | Shoals:1 | Noticed Donald
 13932 | Shoals:1 | Killed Donald
 14219 | Shoals:2 | Reached XP level 15. HP: 104/105 MP: 22/29
 14416 | Shoals:3 | Reached skill level 10 in Armour
 14676 | Shoals:4 | Entered Level 4 of the Shoals
 14707 | Shoals:4 | Reached skill level 10 in Charms
 14709 | Shoals:4 | Noticed Ilsuiw
 15025 | Shoals:4 | Reached skill level 10 in Short Blades
 15025 | Shoals:4 | Reached skill level 10 in Long Blades
 15025 | Shoals:4 | Reached skill level 10 in Axes
 15025 | Shoals:4 | Reached skill level 10 in Maces & Flails
 15025 | Shoals:4 | Reached skill level 10 in Staves
 15025 | Shoals:4 | Reached skill level 10 in Slings
 15025 | Shoals:4 | Reached skill level 10 in Bows
 15025 | Shoals:4 | Reached skill level 10 in Crossbows
 15025 | Shoals:4 | Reached skill level 10 in Throwing
 15025 | Shoals:4 | Reached skill level 10 in Stealth
 15025 | Shoals:4 | Reached skill level 10 in Shields
 15025 | Shoals:4 | Reached skill level 10 in Unarmed Combat
 15428 | Shoals:4 | Got a pair of spiked gloves
 15434 | Shoals:4 | Identified the +2 pair of gloves "Geeky" {rN+ Str-3 Int+6} (You found it on level 4 of the Shoals)
 15453 | Shoals:4 | Killed Ilsuiw
 15463 | Shoals:4 | Reached XP level 16. HP: 103/112 MP: 29/31
 15623 | Shoals:4 | Got a barnacled rune of Zot
 15989 | Snake:1  | Entered Level 1 of the Snake Pit
 16107 | Snake:4  | Entered Level 4 of the Snake Pit
 16248 | Snake:4  | Found a flickering gateway to a bazaar.
 16263 | Bazaar   | Entered a bazaar
 16263 | Bazaar   | Found Ruin's Weapon Shoppe.
 16263 | Bazaar   | Found Uvvegh's Antique Armour Emporium.
 16267 | Bazaar   | Found Pejiladdut's Book Emporium.
 16281 | Bazaar   | Found Zuzamumn's Jewellery Shoppe.
 16304 | Bazaar   | Bought a book of Callings for 210 gold pieces
 16304 | Bazaar   | Bought a Necronomicon for 772 gold pieces
 16342 | Bazaar   | Bought a runed cloak for 210 gold pieces
 16423 | Snake:4  | Found Vader's Jewellery Shop.
 16424 | Snake:4  | Found Ebohemm's Gadget Emporium.
 16426 | Snake:4  | Found Byuleed's Jewellery Shop.
 16491 | Snake:4  | Noticed civil's ghost (adept CeHu)
 16543 | Snake:4  | Killed civil's ghost
 16564 | Snake:4  | Noticed a nagaraja
 16574 | Snake:4  | Noticed a nagaraja
 16575 | Snake:4  | Noticed a nagaraja
 16575 | Snake:4  | Killed a nagaraja
 16593 | Snake:4  | Killed a nagaraja
 16602 | Snake:4  | Killed a nagaraja
 16702 | Snake:4  | Noticed a nagaraja
 16744 | Snake:4  | Killed a nagaraja
 16891 | Snake:3  | Learned a level 3 spell: Summon Guardian Golem
 17078 | Snake:4  | Noticed a nagaraja
 17094 | Snake:4  | Killed a nagaraja
 17107 | Snake:4  | Reached XP level 17. HP: 91/119 MP: 20/33
 17161 | Snake:4  | Got a serpentine rune of Zot
 17550 | D:12     | Noticed Sonja
 17578 | D:12     | Killed Sonja
 17766 | D:12     | Got a faintly glowing trident
 17767 | D:12     | Identified the +7 trident "Zyidih" {flame, Dex+5} (You found it on level 12 of the Dungeon)
 17960 | D:12     | Found a staircase to the Orcish Mines.
 18002 | Orc:1    | Entered Level 1 of the Orcish Mines
 18105 | Orc:1    | Noticed Maurice
 18111 | Orc:1    | Killed Maurice
 18227 | Orc:2    | Entered Level 2 of the Orcish Mines
 18243 | Orc:2    | Found a frozen archway.
 18279 | IceCv    | Entered an ice cave
 18667 | Orc:2    | Found Nipsueka's Book Shop.
 18857 | Orc:2    | Found Vafutzin's Antique Armour Boutique.
 18877 | Orc:2    | Found a roughly hewn altar of Beogh.
 19009 | Orc:2    | Found Xeirocupu's General Store.
 19018 | Orc:2    | Bought a potion of mutation for 88 gold pieces
 19018 | Orc:2    | Bought a scroll of teleportation for 33 gold pieces
 19018 | Orc:2    | Bought a scroll of identify for 22 gold pieces
 19018 | Orc:2    | Bought a scroll of identify for 22 gold pieces
 19022 | Orc:2    | Reached XP level 18. HP: 126/126 MP: 33/34
 19044 | Orc:2    | Found Ykked's Antique Weapon Shop.
 19072 | Orc:2    | Bought an ancient glaive for 368 gold pieces
 19072 | Orc:2    | Identified the +5 glaive "Loelelul" {freeze, rF+ Dex+3 SInv Stlth-} (You bought it in a shop on level 2 of the Orcish Mines)
 19075 | Orc:2    | Found a staircase to the Elven Halls.
 19231 | D:13     | Found an ancient bone altar of Kikubaaqudgha.
 19233 | D:13     | Found Ijudex's Wicked Wares.
 19412 | Orc:2    | Learned a level 1 spell: Apportation
 19474 | D:13     | Learned a level 4 spell: Control Undead
 19924 | D:14     | Noticed Agnes
 19944 | D:13     | Killed Agnes
 19964 | D:14     | Noticed Frances
 19979 | D:14     | Killed Frances
 19979 | D:14     | Reached skill level 10 in Conjurations
 19979 | D:14     | Reached skill level 10 in Hexes
 19979 | D:14     | Reached skill level 10 in Summonings
 19979 | D:14     | Reached skill level 10 in Necromancy
 19979 | D:14     | Reached skill level 10 in Translocations
 19979 | D:14     | Reached skill level 10 in Transmutations
 19979 | D:14     | Reached skill level 10 in Fire Magic
 19979 | D:14     | Reached skill level 10 in Ice Magic
 19979 | D:14     | Reached skill level 10 in Air Magic
 19979 | D:14     | Reached skill level 10 in Earth Magic
 19979 | D:14     | Reached skill level 10 in Poison Magic
 20169 | D:14     | Found a gate to the Vaults.
 20187 | D:14     | Found an ancient bone altar of Kikubaaqudgha.
 20250 | Vaults:1 | Entered Level 1 of the Vaults
 20339 | Vaults:1 | Found Ocousch's Armour Emporium.
 20425 | Vaults:2 | Noticed Jory
 20473 | Vaults:2 | Killed Jory
 20520 | Vaults:2 | Reached XP level 19. HP: 133/133 MP: 35/35
 20895 | Vaults:3 | Slain by a vault warden

Vault maps used:
D:1:      saegor_arrival_simple_b, minivault_4, st_stairs_10, minivault_25,
          grunt_decor_mini_mirrors, minmay_pentomino_x2
D:2:      grunt_temple_overflow_holy_war, eat_drink_and_be_merry_uskayaw,
          overflow_temple_1_default, first_bread, grunt_ministairs_7
D:5:      ashenzari_altar_1, minmay_temple_entry_statues_fountains,
          serial_shops, nicolae_shop_behind_doors, uniq_eustachio, uniq_duvessa
D:6:      lemuel_crystal_altar, basic_altar, serial_shops, nicolae_shop_crystal,
          shop, uniq_menkaure
D:7:      kennysheep_nub
D:8:      blue_anna_alchemist
D:9:      kennysheep_mini, nicolae_gozag_cash_rules_everything_around_me,
          slow_altar_1, marbit_many_paths, due_lair_maze_entry_diamond,
          uniq_erolcha
D:11:     lab_entry_generic, enter_trove_3, wad_hexagon
D:12:     zombieorc2_lemuel, uniq_sonja
D:13:     nicolae_evil_shop
D:14:     lightli_vaults_fourway_checkpoint, minmay_staircase_statues,
          basic_altar, uniq_agnes, uniq_rupert, uniq_frances
Temple:   minmay_temple_bridge_abc
Lair:1:   serial_bayou_shore_b, lemuel_fruit_tree, infiniplex_staircase_pool_2,
          uniq_grum, uniq_fannar
Lair:2:   minmay_snake_entry_guardpost_small, beast_lair_carwin_6
Lair:3:   elwin_shoals_entry_stream, grunt_megastairs_4, uniq_harold
Lair:4:   minmay_lair_oklob_chamber
Lair:5:   slime_altar_1, hibernation_bobbens, grunt_megastairs_2
Lair:6:   evil_forest, grunt_forest_large_clearing_hut, grunt_megastairs_3,
          serial_bayou_shore_b
Shoals:1: st_cyclops, uniq_donald
Shoals:4: shoals_end_hangedman, shoals_ilsuiw_alternative, uniq_ilsuiw
Snake:1:  grunt_ministairs_8, minmay_shoptagon, uniq_josephine, uniq_aizul
Snake:3:  minmay_shop_star
Snake:4:  snake_pit, serial_shops, bzr_firewalk, basic_altar, minmay_shop_grove
Orc:1:    uniq_maurice
Orc:2:    grunt_orc_gardens, grunt_orc_garden, grunt_orc_garden,
          grunt_orc_garden, grunt_orc_garden, portal_ice_cave_demonic_guard,
          basic_altar, okawaru_metal_pillars_3
Vaults:1: nicolae_vaults_meeting, hangedman_vaults_unwind,
          grunt_vaults_trifunnel, v_misc_1, vaults_dpeg_encased_lava,
          vaults_room_corners, vaults_room_pool, ontoclasm_vaults_shuriken,
          serial_shops, shop
Vaults:2: nicolae_vaults_inception_scallops, vaults_dpeg_ring,
          hangedman_vaults_capsules, ontoclasm_vaults_pinch,
          nicolae_vaults_windows_and_doors_thing, nicolae_vaults_what_the_h,
          v_misc_30, st_smaller_cells, nicolae_vaults_network_square,
          hangedman_vaults_maws, uniq_jory
Vaults:3: vaults_mumra_minichess_inversion, minmay_crypt_entry_skeletal_spiral,
          nicolae_vaults_arrows, v_misc_27, vaults_room_semicircle,
          grunt_vaults_hallway_long, ontoclasm_vaults_ring_large,
          vaults_mumra_hexcomb, vaults_dpeg_diagonal, grunt_vaults_diagonal,
          st_hourglassy, v_misc_3, nicolae_vaults_little_squares_6, v_misc_18,
          nicolae_vaults_circle_grid_b
Lab:      nicolae_lab_quarters, lab_block, nicolae_lab_grate,
          labyrinth_skeletal_remains, nicolae_lab_garden, labyrinth_lava_lair,
          nicolae_lab_plus, nicolae_lab_x
Bazaar:   bazaar_minmay_row
IceCv:    ice_cave_small_demon

Skill      XL: |  1  2  3  4  5  6  7  8  9 10 11 12 13 14 15 16 17 18 19 |
---------------+----------------------------------------------------------+-----
Spellcasting   | 5 6 7 8 9 10 11 12 13 | 13.0
Invocations    | 1 2 3 4 5 6 7 8 9 10 11 12 13 | 13.1
Short Blades   | 1 2 3 4 5 6 7 8 9 10 11 12 | 12.1
Long Blades    | 1 2 3 4 5 6 7 8 9 10 11 12 | 12.1
Axes           | 1 2 3 4 5 6 7 8 9 10 11 12 | 12.1
Maces & Flails | 1 2 3 4 5 6 7 8 9 10 11 12 | 12.1
Staves         | 1 2 3 4 5 6 7 8 9 10 11 12 | 12.1
Slings         | 1 2 3 4 5 6 7 8 9 10 11 12 | 12.1
Bows           | 1 2 3 4 5 6 7 8 9 10 11 12 | 12.1
Crossbows      | 1 2 3 4 5 6 7 8 9 10 11 12 | 12.1
Throwing       | 1 2 3 4 5 6 7 8 9 10 11 12 | 12.1
Stealth        | 1 2 3 4 5 6 7 8 9 10 11 12 | 12.1
Shields        | 1 2 3 4 5 6 7 8 9 10 11 12 | 12.1
Unarmed Combat | 1 2 3 4 5 6 7 8 9 10 11 12 | 12.1
Evocations     | 1 2 3 4 5 0 |  0.0
Conjurations   | 1 2 3 4 5 6 7 8 9 10 | 10.4
Hexes          | 1 2 3 4 5 6 7 8 9 10 | 10.4
Summonings     | 1 2 3 4 5 6 7 8 9 10 | 10.4
Necromancy     | 1 2 3 4 5 6 7 8 9 10 | 10.4
Translocations | 1 2 3 4 5 6 7 8 9 10 | 10.4
Transmutations | 1 2 3 4 5 6 7 8 9 10 | 10.4
Fire Magic     | 1 2 3 4 5 6 7 8 9 10 | 10.4
Ice Magic      | 1 2 3 4 5 6 7 8 9 10 | 10.4
Air Magic      | 1 2 3 4 5 6 7 8 9 10 | 10.4
Earth Magic    | 1 2 3 4 5 6 7 8 9 10 | 10.4
Poison Magic   | 1 2 3 4 5 6 7 8 9 10 | 10.4
Armour         | 3 4 5 6 7 8 9 10 11 12 | 12.4
Fighting       | 5 6 7 8 9 10 11 12 | 12.8
Polearms       | 5 6 7 8 9 10 11 12 | 12.8
Dodging        | 5 6 7 8 9 10 11 12 | 12.8
Charms         | 6 7 8 9 10 11 | 11.6

Action                   |  1- 3 |  4- 6 |  7- 9 | 10-12 | 13-15 | 16-18 | 19-21 || total
-------------------------+-------+-------+-------+-------+-------+-------+-------++-------
Melee: Spear             |    62 |   266 |    95 |       |       |       |       ||   423
       Bite              |     5 |    19 |    30 |    45 |    99 |   130 |    23 ||   351
       Punch             |       |     2 |     6 |       |       |       |       ||     8
       Rapier            |       |       |    96 |       |       |       |       ||    96
       Glaive            |       |       |    11 |   383 |    94 |       |       ||   488
       Dagger            |       |       |       |       |   430 |       |       ||   430
       Demon trident     |       |       |       |       |   281 |   384 |       ||   665
       Trident           |       |       |       |       |       |   588 |   139 ||   727
 Fire: Hunting sling     |       |       |       |       |    22 |     6 |       ||    28
Throw: Throwing net      |       |       |       |     1 |     2 |     1 |       ||     4
       Javelin           |       |       |       |       |       |     2 |       ||     2
 Cast: Infusion          |     4 |     9 |    14 |    34 |    42 |     5 |       ||   108
       Spectral Weapon   |     2 |    25 |    17 |    55 |    74 |    47 |     6 ||   226
       Regeneration      |       |    16 |    12 |    33 |    58 |    32 |     3 ||   154
       Shroud of Golubri |       |     5 |    10 |    35 |    29 |     8 |       ||    87
       Animate Dead      |       |       |       |       |    66 |    34 |     4 ||   104
       Song of Slaying   |       |       |       |       |     8 |       |       ||     8
       Summon Guardian G |       |       |       |       |       |    36 |     6 ||    42
Invok: Sacrifice Health  |       |       |     1 |       |       |       |       ||     1
       Draw Out Power    |       |       |       |     1 |     1 |       |       ||     2
       Apocalypse        |       |       |       |     6 |     6 |     5 |     2 ||    19
       Power Leap        |       |       |       |     3 |     3 |     7 |     1 ||    14
       Sacrifice Artific |       |       |       |     1 |       |       |       ||     1
       Sacrifice Drink   |       |       |       |     1 |       |       |       ||     1
Evoke: Wand              |       |       |       |     1 |       |       |       ||     1
  Use: Scroll            |       |       |     6 |     6 |    15 |    11 |     2 ||    40
       Potion            |       |       |     3 |       |     1 |     1 |       ||     5
 Stab: Sleeping          |     1 |     1 |     2 |    13 |    11 |       |       ||    28
       Distracted        |       |     2 |     2 |     8 |    21 |    23 |     3 ||    59
       Paralysed         |       |       |       |     4 |     8 |     7 |     1 ||    20
       Invisible         |       |       |       |     3 |     5 |    14 |       ||    22
       Held in net/web   |       |       |       |       |     3 |       |       ||     3
  Eat: Chunk             |       |     9 |     9 |    20 |    24 |    14 |     2 ||    78
       Fruit             |       |       |     3 |     3 |     2 |     8 |       ||    16
Armor: Leather armour    |    12 |    36 |    28 |    14 |       |       |       ||    90
       Ring mail         |       |     7 |       |       |    88 |       |       ||    95
       Skin              |       |       |     4 |       |       |       |       ||     4
       Scale mail        |       |       |       |   125 |    13 |       |       ||   138
       Plate armour      |       |       |       |       |    49 |   233 |    30 ||   312
Dodge: Dodged            |    53 |   154 |   111 |   263 |   363 |   198 |    39 ||  1181
Block: Buckler           |       |       |       |       |   151 |   240 |    47 ||   438

Table legend:
 A = Spawn XP
 B = Non-spawn XP
 C = Spawn XP percentage of total XP
 D = Spawn monster count
 E = Non-spawn monster count
 F = Spawn count percentage of total count
 G = Total turns spent on level
                    A         B        C        D         E        F      G
               +---------+---------+-------+---------+---------+-------+---------
         Total |       0 |  280084 |   0.0 |       0 |     961 |   0.0 | 20895
               +---------+---------+-------+---------+---------+-------+---------
           D:1 |       0 |      30 |   0.0 |       0 |      18 |   0.0 |   322
           D:2 |       0 |     131 |   0.0 |       0 |      29 |   0.0 |   572
           D:3 |       0 |     298 |   0.0 |       0 |      24 |   0.0 |  1055
           D:4 |       0 |     225 |   0.0 |       0 |      18 |   0.0 |   990
           D:5 |       0 |    1173 |   0.0 |       0 |      18 |   0.0 |   734
           D:6 |       0 |    1334 |   0.0 |       0 |      13 |   0.0 |   933
           D:7 |       0 |    1463 |   0.0 |       0 |       9 |   0.0 |   852
           D:8 |       0 |    1908 |   0.0 |       0 |      24 |   0.0 |   855
           D:9 |       0 |    5287 |   0.0 |       0 |      43 |   0.0 |   956
          D:10 |       0 |    1811 |   0.0 |       0 |      19 |   0.0 |   791
          D:11 |       0 |    3276 |   0.0 |       0 |      14 |   0.0 |   445
          D:12 |       0 |    6013 |   0.0 |       0 |      54 |   0.0 |   629
          D:13 |       0 |   10358 |   0.0 |       0 |      30 |   0.0 |   558
          D:14 |       0 |   10331 |   0.0 |       0 |      25 |   0.0 |   375
        Lair:1 |       0 |   10165 |   0.0 |       0 |      31 |   0.0 |   656
        Lair:2 |       0 |    8201 |   0.0 |       0 |      38 |   0.0 |   728
        Lair:3 |       0 |    5404 |   0.0 |       0 |      15 |   0.0 |   578
        Lair:4 |       0 |    8545 |   0.0 |       0 |      34 |   0.0 |   844
        Lair:5 |       0 |    4742 |   0.0 |       0 |      26 |   0.0 |   498
        Lair:6 |       0 |   19287 |   0.0 |       0 |      68 |   0.0 |  1363
      Shoals:1 |       0 |   10605 |   0.0 |       0 |      26 |   0.0 |   501
      Shoals:2 |       0 |    6699 |   0.0 |       0 |      22 |   0.0 |   411
      Shoals:3 |       0 |   12824 |   0.0 |       0 |      28 |   0.0 |   417
      Shoals:4 |       0 |   32861 |   0.0 |       0 |      73 |   0.0 |   931
       Snake:2 |       0 |     701 |   0.0 |       0 |       2 |   0.0 |    75
       Snake:3 |       0 |    7396 |   0.0 |       0 |      16 |   0.0 |   211
       Snake:4 |       0 |   44057 |   0.0 |       0 |      78 |   0.0 |   890
         Orc:1 |       0 |    3449 |   0.0 |       0 |      27 |   0.0 |   299
         Orc:2 |       0 |    9896 |   0.0 |       0 |      45 |   0.0 |   516
      Vaults:1 |       0 |    4065 |   0.0 |       0 |       9 |   0.0 |   105
      Vaults:2 |       0 |   13306 |   0.0 |       0 |      16 |   0.0 |   223
      Vaults:3 |       0 |   27264 |   0.0 |       0 |      35 |   0.0 |   317
           Lab |       0 |    1651 |   0.0 |       0 |       7 |   0.0 |   573
         IceCv |       0 |    5328 |   0.0 |       0 |      27 |   0.0 |   369
               +---------+---------+-------+---------+---------+-------+---------
